 Dungeon Crawl Stone Soup version 0.18.1-50-g88ac8fd (webtiles) character file.

225 Monkfish the Cutter (level 6, -3/40 HPs)
             Began as a Kobold Berserker on Oct 19, 2016.
             Was an Initiate of Lugonu.
             Slain by Crazy Yiuf
             ... wielding a +2 quarterstaff of chaos
              (18 damage)
             ... on level 3 of the Dungeon.
             The game lasted 00:04:48 (2256 turns).

Monkfish the Cutter (Kobold Berserker)              Turns: 2256, Time: 00:04:49

Health: -3/40      AC:  3    Str: 15    XL:     6   Next: 21%
Magic:  5/6        EV: 15    Int:  5    God:    Lugonu [......]
Gold:   92         SH:  0    Dex: 18    Spells: 0 memorised, 5 levels left

rFire  . . .     SeeInvis .     a - +0 short sword
rCold  . . .     Gourm    .     o - +0 leather armour
rNeg   . . .     Faith    .     (shield restricted)
rPois  .         Spirit   .     (no helmet)
rElec  .         Dismiss  .     (no cloak)
rCorr  .         Reflect  .     (no gloves)
SustAt .         Harm     .     (no boots)
MR     .....                    (no amulet)
Stlth  +++.......               (no ring)
                                (no ring)

@: drained, not resistant to hostile enchantments, fairly stealthy
A: carnivore 3
a: Renounce Religion


You were on level 3 of the Dungeon.
You worshipped Lugonu.
Lugonu was noncommittal.
You were not hungry.

You visited 1 branch of the dungeon, and saw 3 of its levels.
You visited the Abyss 1 time.

You collected 92 gold pieces.

Inventory:

Hand Weapons
 a - a +0 short sword (weapon)
Armour
 b - a +0 animal skin
 o - a +0 leather armour (worn)
Wands
 e - a wand of digging (1/24)
Scrolls
 d - a scroll of remove curse
 j - 3 scrolls of fear
 p - a scroll of blinking
Comestibles
 c - a meat ration
 f - a slice of pizza
 k - 2 royal jellies


   Skills:
 + Level 4.8(4.5) Fighting
 + Level 5.7(5.4) Short Blades
 - Level 1.5(1.3) Armour
 - Level 2.4(2.1) Dodging
 * Level 4.8(4.6) Stealth


You had 5 spell levels left.
You didn't know any spells.

Dungeon Overview and Level Annotations

Branches:
Dungeon (3/15)

Altars:
Makhleb
Pakellas

Annotations:
D:3 Crazy Yiuf


Innate Abilities, Weirdness & Mutations

You are small and have problems with some larger weapons.
You are carnivorous and can eat meat at any time.


Message History

Crazy Yiuf is heavily wounded.
Crazy Yiuf hits you with a quarterstaff of chaos!
Crazy Yiuf burns you.
You hit Crazy Yiuf.
Crazy Yiuf is heavily wounded.
Crazy Yiuf misses you.
You barely miss Crazy Yiuf.
Crazy Yiuf is heavily wounded.
You closely miss Crazy Yiuf.
Crazy Yiuf is heavily wounded.
Crazy Yiuf closely misses you.
You hit Crazy Yiuf but do no damage.
Crazy Yiuf is heavily wounded.
Crazy Yiuf completely misses you.
You hit Crazy Yiuf.
Crazy Yiuf is severely wounded.
Crazy Yiuf whimpers, "Tosser fast sing!"
Crazy Yiuf hits you with a quarterstaff of chaos!
You are electrocuted!
You die...

.###..##...#...# #.# #.# #.
.........#.#.### #.###.# #.
......(..#.#.#########.....# #.
...........................#####.
........)..###############.......
######..#### ######...##. # .).#
##### #......####. # #.#.. #..)#
######## #. ####..##.# #.@.# #.
.....# .# #g..# ## .#### .# ##'##
## ♣♣.♣ # .### ♣.♣♣ # ..# ♣♣.♣ #
..# ♣.♣♣ ..# ♣♣.♣♣ #.# ♣...♣♣


You could see Crazy Yiuf.

Vanquished Creatures
  Ijyb (D:3)
  Natasha (thrice) (D:2)
  4 adders
  A gnoll (D:1)
  An ooze (D:1)
  2 worms (D:2)
  3 dart slugs
  2 giant geckos (D:1)
  3 orcs (D:3)
  5 bats
  4 giant cockroaches
  9 goblins
  3 hobgoblins
  4 jackals (D:2)
  2 giant newts
  7 kobolds
  4 rats
58 creatures vanquished.

Notes
Turn   | Place    | Note
--------------------------------------------------------------
     0 | D:1      | Monkfish the Kobold Berserker began the quest for the Orb.
     0 | D:1      | Reached XP level 1. HP: 14/14 MP: 1/1
   274 | D:1      | Reached XP level 2. HP: 12/19 MP: 2/2
   277 | D:1      | Reached skill level 1 in Stealth
   349 | D:1      | Reached XP level 3. HP: 17/24 MP: 3/3
   989 | D:2      | Found a burning altar of Makhleb.
   996 | D:2      | Reached XP level 4. HP: 29/29 MP: 4/4
  1092 | D:2      | Noticed Natasha
  1097 | D:2      | Killed Natasha
  1109 | D:2      | Reached skill level 5 in Short Blades
  1187 | D:2      | Reached ** piety under Trog
  1333 | D:2      | Noticed Natasha
  1340 | D:2      | Killed Natasha
  1340 | D:2      | Reached XP level 5. HP: 34/34 MP: 5/5
  1591 | D:2      | Found an oddly glowing altar of Pakellas.
  1621 | D:2      | Noticed Natasha
  1634 | D:2      | Killed Natasha
  1886 | D:3      | Reached XP level 6. HP: 36/39 MP: 6/6
  1946 | D:3      | Noticed Ijyb
  1960 | D:3      | Killed Ijyb
  2015 | D:3      | Noticed Crazy Yiuf
  2020 | D:3      | Paralysed by Crazy Yiuf for 5 turns
  2022 | D:3      | Cast into level 2 of the Abyss (Crazy Yiuf)
  2128 | Abyss:2  | Noticed a blink frog
  2133 | Abyss:2  | Noticed a blink frog
  2135 | Abyss:2  | Noticed a hellwing
  2140 | Abyss:2  | Noticed a green very ugly thing
  2142 | Abyss:2  | Noticed a green very ugly thing
  2143 | Abyss:2  | Noticed a green very ugly thing
  2143 | Abyss:2  | Noticed a green ugly thing
  2152 | Abyss:2  | Noticed a smoke demon
  2152 | Abyss:2  | Found a burning altar of Makhleb.
  2239 | Abyss:2  | Found a corrupted altar of Lugonu.
  2246 | Abyss:2  | Fell from the grace of Trog
  2246 | Abyss:2  | Became a worshipper of Lugonu the Unformed
  2246 | Abyss:2  | Reached * piety under Lugonu
  2247 | D:3      | Escaped the Abyss
  2256 | D:3      | Slain by Crazy Yiuf

Skill      XL: |  1  2  3  4  5 |
---------------+----------------+-----
Stealth        | 1 2 3 4 |  4.8
Fighting       | 4 |  4.8
Short Blades   | 5 |  5.7
Armour         | |  1.5
Dodging        | |  2.4

Action                   |  1- 3 |  4- 6 || total
-------------------------+-------+-------++-------
Melee: Short sword       |    69 |   141 ||   210
Invok: Berserk           |     2 |     5 ||     7
       Depart the Abyss  |       |     1 ||     1
  Use: Scroll            |     1 |     5 ||     6
       Potion            |       |     5 ||     5
 Stab: Sleeping          |     4 |     5 ||     9
  Eat: Chunk             |     5 |     8 ||    13
Armor: Animal skin       |    10 |    18 ||    28
Dodge: Dodged            |    42 |    94 ||   136
